 Dungeon Crawl Stone Soup version 0.24.0-1-gfbc8707 (webtiles) character file.

Game seed: 625116662470677032, levelgen mode: deterministic

75 Faca the Cutter (level 4, 0/24 HPs)
             Began as a Spriggan Abyssal Knight on Oct 30, 2019.
             Was a Follower of Lugonu.
             Slain by a goblin
             ... wielding a +0 club
              (3 damage)
             ... while paralysed by Grinder
             ... on level 3 of the Dungeon.
             The game lasted 00:06:02 (2740 turns).

Faca the Cutter (Spriggan Abyssal Knight)           Turns: 2740, Time: 00:06:03

Health: 0/24       AC:  2    Str:  8    XL:     4   Next: 11%
Magic:  6/6        EV:  4    Int: 13    God:    Lugonu [*.....]
Gold:   157        SH:  0    Dex: 16    Spells: 3/3 levels left

rFire    . . .     SeeInvis +   a - +1 short sword
rCold    . . .     Gourm    .   (shield restricted)
rNeg     . . .     Faith    .   b - +0 robe
rPois    .         Spirit   .   (helmet restricted)
rElec    .         Reflect  .   (no cloak)
rCorr    .         Harm     .   (gloves unavailable)
MR       .....                  (boots unavailable)
Stlth    +.........             (no amulet)
HPRegen  0.08/turn              (no ring)
MPRegen  0.10/turn              (no ring)

@: paralysed, very quick
A: very small, unfitting armour, see invisible, herbivore, speed 3, slow
metabolism 2
a: Depart the Abyss, Renounce Religion


You were on level 3 of the Dungeon.
You worshipped Lugonu.
Lugonu was aware of your devotion.
You were not hungry.

You visited 1 branch of the dungeon, and saw 3 of its levels.
You visited the Abyss 1 time.

You collected 157 gold pieces.

Inventory:

Hand Weapons
 a - a +1 short sword (weapon)
Armour
 b - a +0 robe (worn)
Scrolls
 d - 3 scrolls of identify
 e - 4 scrolls of amnesia
Potions
 g - a potion of resistance
 h - a potion of brilliance
 k - a potion of mutation
Comestibles
 c - 4 rations


   Skills:
 + Level 3.3 Fighting
 + Level 3.7 Short Blades
 - Level 3.5 Dodging
 - Level 1.7 Invocations


You had 3 spell levels left.
You didn't know any spells.
Your spell library was empty.

Dungeon Overview and Level Annotations

Branches:
Dungeon (3/15)

Altars:
Ru
Beogh

Annotations:
D:3 Grinder, Sigmund


Innate Abilities, Weirdness & Mutations

You are very small and have problems with some larger weapons.
You are too small for most types of armour.
You have supernaturally acute eyesight. (SInv)
You are a herbivore.
You cover ground extremely quickly.
You need to consume almost no food.


Message History

The leopard gecko is almost dead.
The leopard gecko misses you. Grinder gestures at you.
You suddenly lose the ability to move!
The leopard gecko bites you but does no damage. x3
The goblin hits you with a +0 club.
The leopard gecko bites you but does no damage.
The leopard gecko bites you.
Grinder blinks!
The goblin hits you but does no damage. The leopard gecko bites you.
The goblin hits you but does no damage. The leopard gecko bites you.
* * * LOW HITPOINT WARNING * * *
Grinder gestures at you. Pain shoots through your body!
* * * LOW HITPOINT WARNING * * *
The goblin hits you but does no damage. The leopard gecko barely misses you.
The leopard gecko bites you.
* * * LOW HITPOINT WARNING * * *
The goblin hits you with a +0 club.
You die...

#.####....).....# #
#..##)#.##.###.
#.####..##.#........
#...............###.
##########.#..###
#.#...### ###.....#
##.lg## #..@# #..5#
#..... ........
......8....
............
####.....####
.#...#+


You could see Grinder, a leopard gecko and a goblin.

Vanquished Creatures
  A gnoll (D:1)
  2 adders
  2 worms
  2 leopard geckos
  4 bats
  3 giant cockroaches
  3 goblins
  6 hobgoblins
  2 kobolds
  2 quokkas (D:3)
  4 ball pythons
  4 frilled lizards
  3 rats
38 creatures vanquished.

Notes
Turn   | Place    | Note
-------+----------+-------------------------------------------
     0 | Abyss:1  | Faca the Spriggan Abyssal Knight began the quest for the
                  | Orb.
     0 | Abyss:1  | Reached XP level 1. HP: 11/11 MP: 3/3
    52 | Abyss:1  | Noticed a chaos spawn
    59 | Abyss:1  | Noticed a small abomination
    62 | Abyss:1  | Noticed a small abomination
    84 | Abyss:1  | Noticed an Executioner
    85 | D:1      | Escaped the Abyss
   270 | D:1      | Reached XP level 2. HP: 6/16 MP: 4/4
   469 | D:1      | Found a roughly hewn altar of Beogh.
   475 | D:1      | Noticed an orc warrior
  1183 | D:1      | Reached * piety under Lugonu
  1237 | D:1      | Reached XP level 3. HP: 18/20 MP: 5/5
  2212 | D:2      | Found a sacrificial altar of Ru.
  2350 | D:3      | Noticed Sigmund
  2692 | D:3      | Noticed Grinder
  2728 | D:3      | Reached XP level 4. HP: 19/24 MP: 6/6
  2733 | D:3      | Paralysed by Grinder for 7 turns
  2740 | D:3      | Slain by a goblin

Levels and vault maps discovered:
D:1:      erik_arrival_cave_to_civilisation [erik_arrival_cave_to_temple],
          layout_basic
D:2:      minmay_alternating_diamond, layout_loops_ring, lemuel_doored_altar,
          minmay_nonomino_d4
D:3:      layout_basic, grunt_ministairs_6, uniq_grinder, uniq_ijyb,
          uniq_sigmund

Skill      XL: |  1  2 |
---------------+-------+-----
Short Blades   | 3 |  3.7
Fighting       | 3 |  3.3
Dodging        | |  3.5
Invocations    | |  1.7

Action                   |  1- 3 |  4- 6 || total
-------------------------+-------+-------++-------
Melee: Short sword       |   174 |     5 ||   179
Invok: Depart the Abyss  |     1 |       ||     1
  Use: Scroll            |     7 |       ||     7
 Stab: Sleeping          |     4 |       ||     4
Armor: Robe              |    16 |     5 ||    21
Dodge: Dodged            |   161 |     7 ||   168
